 Dungeon Crawl Stone Soup version bcrawl-1.39.1 (webtiles) character file.

Game seed: 2526908250077208925

439615 Tinttamiau the Basher (level 14, -9/108 HPs)
             Began as a Sand Dwarf Skald on Oct 7, 2023.
             Was the Champion of Hepliaklqana.
             Mangled by a wolf spider simulacrum (13 damage)
             ... in a Gauntlet.
             The game lasted 00:42:17 (17285 turns).

Tinttamiau the Basher (Sand Dwarf Skald)           Turns: 17285, Time: 00:42:18

Health: -9/108     AC: 18    Str: 17    XL:     14   Next: 9%
Magic:  0/36       EV: 12    Int: 14    God:    Hepliaklqana [******]
Gold:   996        SH:  0    Dex: 14    Spells: 15/31 levels left

rFire    + + .     GDR:     30% y - +1 eveningstar (flame)
rCold    + . .     SeeInvis .   (shield currently unavailable)
rNeg     . . .     Gourm    .   U - +1 fire dragon scales
rPois    .         Faith    .   G - +3 helmet of the Barnacle {rC++ Regen+ Str-4 Dex+4}
rElec    .         Spirit   +   r - scarf {Spirit}
rCorr    .         Reflect  .   A - +2 pair of gloves
MR       +....     NoTele   +   (no boots)
Stlth    +.........             d - amulet of magic regeneration
HPRegen  0.68/turn              h - ring of magical power
MPRegen  0.55/turn              V - ring "Ceor" {+Fly Stlth+}

@: slow
A: small, reduced essence, slowness 1, armour attunement
a: Recall Ancestor, Ancestor Identity, Transference, Incarnate, Renounce
Religion, Evoke Flight


You were in a Gauntlet.
You worshipped Hepliaklqana.
Hepliaklqana was exalted by your worship.
You were hungry.

You visited 2 branches of the dungeon, and saw 16 of its levels.
You also visited: Gauntlet and Volcano.

You collected 1408 gold pieces.
You spent 412 gold pieces at shops.

Inventory:

Hand Weapons
 y - a +1 eveningstar of flaming (weapon)
Missiles
 b - 2 throwing nets {=f}
 p - 320 poisoned tomahawks (quivered)
Armour
 r - a scarf of spirit shield (worn)
 A - a +2 pair of gloves (worn)
 C - a +4 ring mail of positive energy
 G - the +3 helmet of the Barnacle (worn) {rC++ Regen+ Str-4 Dex+4}
   (You found it on level 2 of the Lair of Beasts)

   It affects your strength (-4).
   It affects your dexterity (+4).
   It greatly protects you from cold.
   It increases your rate of regeneration.
 U - +1 fire dragon scales (worn)
Jewellery
 d - an amulet of magic regeneration (around neck)
 h - a ring of magical power (left hand)
 J - a +4 ring of intelligence
 S - an uncursed amulet of the gourmand {unknown}
 V - the ring "Ceor" (right hand) {+Fly Stlth+}
   (You found it on level 5 of the Lair of Beasts)

   [ring of flight]

   It lets you fly.
   It makes you more stealthy.
Wands
 a - a wand of scattershot (7)
 j - a wand of flame (15)
 s - a wand of charming (15)
 H - a wand of acid (9)
 I - a wand of random effects (9)
 Q - a wand of iceblast (19)
Scrolls
 f - 4 scrolls of fear
 g - 3 scrolls of enchant weapon
 k - 10 scrolls of remove curse
 m - 4 scrolls of fog
 q - 2 scrolls of blinking
 v - 4 scrolls of noise
 x - 4 scrolls of enchant armour
 z - 8 scrolls of amnesia
 M - 5 scrolls of teleportation
Potions
 l - 6 potions of agility
 n - 4 potions of brilliance
 o - 4 potions of lignification
 t - a potion of heal wounds
 u - a potion of cancellation {unknown}
 w - 3 potions of haste
 B - a potion of mutation {unknown}
 D - 2 potions of curing
 F - a potion of degeneration {unknown}
 O - a potion of experience {unknown}
 R - a potion of berserk rage
 T - 2 potions of might
Miscellaneous
 c - a sack of spiders
 N - a lightning rod (4/4)
Comestibles
 e - 29 rations {!d}


   Skills:
 - Level 10.0 Fighting
 - Level 13.1 Maces & Flails
 + Level 4.7 Armour
 - Level 1.5 Dodging
   Level 5.0 Shields
 - Level 9.1 Spellcasting
 + Level 9.4 Hexes
 + Level 10.6 Charms
 - Level 6.0 Necromancy
 + Level 5.8 Invocations


You had 15 spell levels left.
You knew the following spells:

 Your Spells              Type           Power        Failure   Level  Hunger
a - Infusion              Chrm           #####...     1%          1    None
b - Regeneration          Chrm/Necr      ####......   1%          3    None
c - Spectral Weapon       Hex/Chrm       ####....     1%          3    None
d - Shackle               Hex            ####....     1%          2    None
e - Song of Slaying       Chrm           #####...     1%          2    None
f - Swiftness             Chrm/Air       ###.....     1%          2    None
g - Ozocubu's Armour      Chrm/Ice       ###.....     3%          3    None

Your spell library contained the following spells:

 Spells                   Type           Power        Failure   Level  Hunger
 Corona                   Hex            ####...      1%          1    None
 Cause Fear               Hex            ####......   2%          4    ##.....
 False Image              Hex/Summ       ###.....     4%          3    None
 Inner Flame              Hex/Fire       N/A          4%          3    None
 Magic Dart               Conj           #...         12%         1    None
 Summon Small Mammal      Summ           #...         12%         1    None
 Call Imp                 Summ           #.....       17%         2    None
 Searing Ray              Conj           #.......     17%         2    None
 Fulminant Prism          Conj/Hex       ###.......   17%         4    ##.....
 Yara's Violent Unravell  Hex/Tmut       ###.......   17%         4    ##.....
 Call Canine Familiar     Summ           #.......     34%         3    None
 Iskenderun's Mystic Bla  Conj           #.......     34%         3    None
 Summon Mana Viper        Hex/Summ       ###.....     43%         5    ####...
 Summon Ice Beast         Ice/Summ       #.......     75%         4    ##.....
 Irradiate                Conj/Tmut      #.........   97%         5    ####...
 Summon Lightning Spire   Summ/Air       #.......     97%         5    ####...
 Summon Hydra             Summ           #.........   100%        6    ######.
 Monstrous Menagerie      Summ           #.........   100%        7    #######


Dungeon Overview and Level Annotations

Branches:
Dungeon (10/12)            Temple (0/1) D:5            Lair (6/6) D:7
  Swamp (0/3) Lair:2       Spider (0/3) Lair:3          Orc (0/1) D:9
    Elf (0/3) Lair:6

Altars:
Ashenzari
Cheibriados
Dithmenos
Hepliaklqana
Okawaru
Qazlal
Ru
Trog
Uskayaw
Yredelemnul
The Shining One

Shops:
D:5 [[[:   D:6 (   D:7 [   D:8 [

Annotations:
D:3 3 runed translucent doors, Sap's ghost, amateur TrMo
D:6 3 runed translucent doors, pecorinoman's ghost, novice HESk
Lair:3 2 transporters, yrara's ghost, journeyman DsFi Gauntlet 15 transporters, exclusion: obsidian statue


Innate Abilities, Weirdness & Mutations

You are small and have problems with some larger weapons.
You cover ground slowly.
Armour does not affect your spellcasting.
Your life essence is reduced to manifest your ancestor. (-10% HP)


Message History

You hit the wolf spider simulacrum.
You melt the wolf spider simulacrum.
The wolf spider simulacrum is lightly damaged.
The wolf spider simulacrum misses you.
The wolf spider simulacrum bites you but does no damage.
The hornet simulacrum barely misses you.
You hit the wolf spider simulacrum.
You melt the wolf spider simulacrum.
The wolf spider simulacrum is heavily damaged.
The wolf spider simulacrum hits you!
* * * LOW HITPOINT WARNING * * *
The wolf spider simulacrum freezes you. You resist.
* * * LOW HITPOINT WARNING * * *
The wolf spider simulacrum bites you.
* * * LOW HITPOINT WARNING * * *
The wolf spider simulacrum freezes you! You resist.
* * * LOW HITPOINT WARNING * * *
The hornet simulacrum hits you but does no damage.
The wolf spider simulacrum hits you!
* * * LOW HITPOINT WARNING * * *
The wolf spider simulacrum freezes you! You resist.
You die...

###∩####################
...∩..................8#
...©...................#
#########.###########..#
........#.#.........#..###
#.....#.#.#.#.#.#.#.#...8#
†#####..#.#..#.#.#.!#....#
.##.##..#.#.#.#.#.#.###..#
...©....#.#..#.(@#.©#©#..#
.##.##..#.#.#.#Z#Z#.#.#..#
.#####..#.#..#Z#.#.)#.#..#
#.....#.#.#.#Z#.#.#.#.#..#
...©....#.#.........#.#..########
#####################.#..........
...©.........©#.....#.#..........
#####################.###########
........#©...........©...........


You could see a wyvern simulacrum, a hornet simulacrum, 2 wolf spider simulacra
and a friendly spectral +1 eveningstar of flaming.

Vanquished Creatures
  Erica (D:9)
  A tengu warrior (D:10)
  2 hydras (Lair:4)
  A catoblepas (Lair:5)
  A death knight (D:8)
  A centaur warrior (Volcano)
  A hell knight (Volcano)
  A wolf spider zombie (D:10)
  An orc knight (D:9)
  Pikel (D:4)
  2 ugly things
  An oklob plant (Gauntlet)
  A black mamba (Lair:5)
  16 elephants
  4 cane toads
  2 rime drakes (Lair:3)
  2 komodo dragons
  2 jumping spiders (Lair:3)
  A yaktaur (Volcano)
  2 trolls
  3 polar bears
  13 dream sheep
  7 blink frogs
  11 hippogriffs
  9 yaks
  4 basilisks
  A black mamba skeleton (D:7)
  A redback (Lair:3)
  An acid dragon (Gauntlet)
  A swamp worm (Lair:2)
  3 crocodiles
  2 water moccasins
  Duvessa (D:5)
  4 porcupines (Lair:3)
  4 orc warriors
  A sky beast (D:6)
  2 ice beasts
  2 slaves (D:4)
  5 wolves
  3 ogres
  8 bullfrogs
  A kobold brigand (D:8)
  Dowan (D:5)
  5 centaurs
  3 scorpions
  7 killer bees
  10 wights
  2 electric eels (Lair:2)
  An orc priest (D:3)
  A howler monkey (D:8)
  2 crimson imps
  6 hounds
  A jelly (D:3)
  A quasit (D:5)
  A bullfrog skeleton (D:10)
  6 orc wizards
  A gnoll shaman (D:3)
  Jessica (D:2)
  3 worker ants
  2 hound skeletons
  A hound zombie (D:8)
  10 adders
  An ooze (D:1)
  An adder zombie (D:6)
  4 worms
  6 dart slugs
  5 leopard geckos
  21 orcs
  2 ball pythons
  3 giant cockroaches
  7 goblins
  12 hobgoblins
  A jackal (D:6)
  13 kobolds
  3 quokkas
  4 bats
  7 frilled lizards
  A quokka zombie (D:5)
  3 rats
290 creatures vanquished.

Vanquished Creatures (collateral kills)
  Harold (D:9)
  An unseen horror (D:10)
  Joseph (D:9)
  2 elephants (Lair:4)
  3 cane toads
  A yaktaur (Volcano)
  2 rime drakes
  3 komodo dragons
  A tengu conjurer (D:10)
  Maurice (D:10)
  A troll (D:10)
  A hornet (D:7)
  2 hippogriffs
  4 dream sheep
  A blink frog (Lair:1)
  A wraith (D:10)
  A wyvern (Lair:2)
  A human (D:9)
  8 yaks
  A warg (D:9)
  A redback (Lair:3)
  A crocodile (D:8)
  2 orc warriors
  A sky beast (D:4)
  An ice beast (D:10)
  A slave (D:4)
  A boggart (D:10)
  5 wolves
  A bullfrog (Lair:2)
  A water moccasin zombie (D:7)
  A scorpion (D:5)
  3 killer bees (D:8)
  3 wights (D:8)
  2 crimson imps
  A quasit (D:10)
  A jelly (D:10)
  An orc wizard (D:10)
  A worker ant (D:10)
  2 hound skeletons
  A gnoll (D:8)
  A shadow imp (D:5)
  An adder zombie (D:5)
  15 orcs
  2 jackals (D:6)
  2 kobolds
  A jackal skeleton (D:8)
  2 butterflies (D:5)
  A plant (Lair:4)
93 creatures vanquished.

Vanquished Creatures (others)
  A slave (D:4)
  9 battlemagi
  3 ancestors
  5 fungi
  3 plants
  14 spectral weapons
35 creatures vanquished.

Grand Total: 418 creatures vanquished

Notes
Turn   | Place    | Note
-------+----------+-------------------------------------------
     0 | D:1      | Tinttamiau the Sand Dwarf Skald began the quest for the
                  | Orb.
     0 | D:1      | Reached XP level 1. HP: 18/18 MP: 3/3
   142 | D:1      | Reached XP level 2. HP: 19/25 MP: 5/5
   401 | D:1      | Reached XP level 3. HP: 6/31 MP: 6/6
   509 | D:1      | Learned a level 3 spell: Regeneration
   577 | D:1      | Reached skill level 4 in Maces & Flails
  1106 | D:2      | Found a snail-covered altar of Cheibriados.
  1216 | D:2      | Reached XP level 4. HP: 36/38 MP: 7/7
  1275 | D:2      | Noticed Jessica
  1282 | D:2      | Killed Jessica
  1283 | D:2      | Reached skill level 1 in Necromancy
  1317 | D:2      | Learned a level 3 spell: Spectral Weapon
  1348 | D:2      | Found a shadowy altar of Dithmenos.
  1751 | D:3      | Found a runed translucent gate.
  1751 | D:3      | Found a runed translucent gate.
  1752 | D:3      | Found a runed translucent gate.
  1779 | D:3      | Noticed Sap's ghost (amateur TrMo)
  1855 | D:3      | Reached XP level 5. HP: 45/46 MP: 8/8
  2125 | D:3      | Reached skill level 5 in Maces & Flails
  2185 | D:3      | Found a hazy altar of Hepliaklqana.
  2354 | D:3      | Reached XP level 6. HP: 25/53 MP: 9/9
  2378 | D:3      | HP: 1/53 [something (3)]
  2833 | D:3      | Became a worshipper of Hepliaklqana the Forgotten
  3174 | D:4      | Found a shattered altar of Ashenzari.
  3174 | D:4      | Noticed Pikel
  3174 | D:4      | Noticed a slave
  3174 | D:4      | Noticed a slave
  3174 | D:4      | Noticed a slave
  3193 | D:4      | Noticed a slave
  3195 | D:4      | Killed a slave
  3202 | D:4      | Killed Pikel
  3203 | D:4      | Reached skill level 5 in Fighting
  3203 | D:4      | Reached skill level 6 in Maces & Flails
  3203 | D:4      | Reached skill level 5 in Charms
  3203 | D:4      | Reached XP level 7. HP: 47/54 MP: 10/10
  3310 | D:4      | Reached skill level 7 in Maces & Flails
  3335 | D:4      | Found a stormy altar of Qazlal.
  3422 | D:4      | Found a hide-covered altar of Uskayaw.
  3652 | D:5      | Entered Level 5 of the Dungeon
  3652 | D:5      | Found Ulerof's Antique Armour Shoppe.
  3654 | D:5      | Bought a pair of embroidered gloves for 225 gold pieces
  3688 | D:5      | Noticed Duvessa
  3688 | D:5      | Noticed Dowan
  3704 | D:5      | Killed Duvessa
  3705 | D:5      | Reached XP level 8. HP: 51/63 MP: 11/11
  3712 | D:5      | Killed Dowan
  3765 | D:5      | Found Yfilueq's Antique Armour Shop.
  3859 | D:5      | Reached * piety under Hepliaklqana
  4100 | D:5      | Reached skill level 8 in Maces & Flails
  4442 | D:5      | Found Doshruci's Antique Armour Boutique.
  4511 | D:5      | Found a bloodstained altar of Trog.
  4537 | D:5      | Found Woporr's Book Shop.
  4626 | D:5      | Found a staircase to the Ecumenical Temple.
  4734 | D:6      | Reached skill level 5 in Necromancy
  4772 | D:6      | Reached XP level 9. HP: 70/71 MP: 12/12
  4795 | D:6      | Reached skill level 1 in Hexes
  4816 | D:6      | Found a runed translucent gate.
  4816 | D:6      | Found a runed translucent gate.
  4816 | D:6      | Found a runed translucent gate.
  4844 | D:6      | Noticed pecorinoman's ghost (novice HESk)
  5056 | D:6      | Reached skill level 9 in Maces & Flails
  5178 | D:6      | Found Igruos's Antique Weapon Boutique.
  5283 | D:6      | Reached ** piety under Hepliaklqana
  5284 | D:6      | Remembered your ancestor Wang as a battlemage
  5507 | D:7      | Noticed a hornet
  5512 | D:7      | Killed a hornet
  5541 | D:7      | Found a staircase to the Lair.
  5543 | D:7      | Noticed an elephant
  5579 | D:7      | Killed an elephant
  5586 | D:7      | Reached skill level 10 in Maces & Flails
  5586 | D:7      | Reached XP level 10. HP: 66/80 MP: 13/13
  5818 | D:7      | Found a basalt altar of Yredelemnul.
  5875 | D:7      | Found a sacrificial altar of Ru.
  6066 | D:7      | Found a glowing golden altar of the Shining One.
  6069 | D:7      | Noticed an angel
  6363 | D:7      | Got a scorched lead amulet
  6371 | D:7      | Found Moydyrph's Armour Boutique.
  6449 | D:5      | Bought a shiny buckler for 187 gold pieces
  7591 | D:8      | Noticed a death knight
  7600 | D:8      | Killed a death knight
  7759 | D:8      | Found an iron altar of Okawaru.
  7890 | D:9      | Noticed an orc knight
  7902 | D:9      | Noticed Harold
  7997 | D:9      | Noticed Joseph
  8003 | D:9      | Noticed a green ugly thing
  8101 | D:8      | Reached XP level 11. HP: 48/89 MP: 15/17
  8108 | D:8      | Killed a green ugly thing
  8109 | D:8      | Reached skill level 10 in Fighting
  8242 | D:9      | Reached skill level 5 in Hexes
  8257 | D:9      | Killed Joseph
  8270 | D:9      | Found a staircase to the Orcish Mines.
  8416 | D:9      | Identified the amulet of the Evil One {Inacc rElec rC- rN+}
                  | (You found it on level 7 of the Dungeon)
  8505 | D:9      | Reached *** piety under Hepliaklqana
  8760 | D:9      | Noticed Erica
  8794 | D:9      | Killed an orc knight
  9025 | D:9      | Killed Erica
  9026 | D:9      | Reached skill level 5 in Spellcasting
  9123 | D:9      | Killed Harold
  9613 | D:10     | Entered Level 10 of the Dungeon
  9782 | D:10     | Reached skill level 10 in Charms
  9792 | D:10     | Reached skill level 1 in Shields
 10009 | D:10     | Noticed Maurice
 10026 | D:10     | Killed Maurice
 10103 | D:10     | Killed an unseen horror
 10117 | D:10     | Reached XP level 12. HP: 52/95 MP: 16/22
 10342 | D:10     | Noticed a tengu warrior
 10362 | D:10     | Killed a tengu warrior
 10864 | Lair:1   | Entered Level 1 of the Lair of Beasts
 11090 | Lair:1   | Reached **** piety under Hepliaklqana
 11233 | Lair:1   | Found a dark tunnel.
 11245 | Volcano  | Entered a volcano
 11261 | Volcano  | Noticed a centaur warrior
 11264 | Volcano  | Found a burning altar of Makhleb.
 11269 | Volcano  | Killed a centaur warrior
 11330 | Volcano  | HP: 3/95 [hell knight/+2 halberd of flaming (3)]
 11337 | Volcano  | Reached skill level 5 in Shields
 12491 | Lair:2   | Reached skill level 1 in Invocations
 12663 | Lair:2   | Got a translucent helmet
 12849 | Lair:2   | Reached skill level 11 in Maces & Flails
 12857 | Lair:2   | Learned a level 2 spell: Shackle
 12860 | Lair:2   | Learned a level 2 spell: Song of Slaying
 12863 | Lair:2   | Learned a level 2 spell: Swiftness
 12867 | Lair:2   | Learned a level 3 spell: Ozocubu's Armour
 13061 | Lair:2   | Found a staircase to the Swamp.
 13115 | Lair:2   | Found a sacrificial altar of Ru.
 13620 | Lair:3   | Reached ***** piety under Hepliaklqana
 13629 | Lair:3   | Reached XP level 13. HP: 94/101 MP: 25/25
 13655 | Lair:3   | Found a hole to the Spider Nest.
 13745 | Lair:3   | Identified the +1 rapier "Noapramuta" {antimagic, Str+4}
 13745 | Lair:3   | Noticed yrara's ghost (journeyman DsFi)
 13745 | Lair:3   | Identified the cursed +1 trident of Ibac {pierce, Int+8}
 14112 | Lair:3   | Reached skill level 12 in Maces & Flails
 14469 | Lair:3   | Found a transporter.
 14474 | Lair:3   | Found a bloodstained altar of Trog.
 14474 | Lair:3   | Identified the cursed +3 trident of Articulation {elec,
                  | rPois Int+4 SInv}
 14474 | Lair:3   | Identified the ring of the Gloaming {rPois rC+}
 14479 | Lair:3   | Found a transporter.
 15275 | Lair:4   | Identified the +3 helmet of the Barnacle {rC++ Regen+ Str-4
                  | Dex+4} (You found it on level 2 of the Lair of Beasts)
 16021 | Lair:5   | Reached skill level 5 in Invocations
 16076 | Lair:5   | Reached skill level 13 in Maces & Flails
 16259 | Lair:5   | Got a coiled pewter ring
 16594 | Lair:6   | Entered Level 6 of the Lair of Beasts
 16601 | Lair:6   | Found a staircase to the Elven Halls.
 16726 | Lair:6   | Reached XP level 14. HP: 86/108 MP: 26/27
 16766 | Lair:6   | Found a gate leading to a gauntlet.
 16820 | Lair:6   | Identified the ring "Ceor" {+Fly Stlth+} (You found it on
                  | level 5 of the Lair of Beasts)
 16824 | Gauntlet | Entered a Gauntlet
 16824 | Gauntlet | Found a transporter.
 16835 | Gauntlet | Found a transporter.
 16849 | Gauntlet | Found a transporter.
 16855 | Gauntlet | Found a transporter.
 16870 | Gauntlet | Found a transporter.
 16879 | Gauntlet | Reached ****** piety under Hepliaklqana
 16889 | Gauntlet | Found a transporter.
 16901 | Gauntlet | Found a transporter.
 16913 | Gauntlet | Found a transporter.
 16925 | Gauntlet | Found a transporter.
 16936 | Gauntlet | Found the +3 hat of Pondering {ponderous, MR+ MP+10 Int+5}
 16937 | Gauntlet | Found a transporter.
 16956 | Gauntlet | Found a transporter.
 16971 | Gauntlet | Found a transporter.
 16973 | Gauntlet | Found a transporter.
 17001 | Gauntlet | Found a transporter.
 17001 | Gauntlet | Found a transporter.
 17003 | Gauntlet | Found a transporter.
 17025 | Gauntlet | Found a transporter.
 17105 | Gauntlet | Found a transporter.
 17285 | Gauntlet | HP: 4/108 [wolf spider simulacrum (9)]
 17285 | Gauntlet | Mangled by a wolf spider simulacrum

Skill      XL: |  1  2  3  4  5  6  7  8  9 10 11 12 13 |
---------------+----------------------------------------+-----
Fighting       | 3 4 5 7 8 9 10 | 10.0
Maces & Flails | 4 5 6 7 8 10 11 13 | 13.1
Necromancy     | 1 2 3 4 5 6 |  6.0
Charms         | 4 5 6 7 8 10 | 10.6
Hexes          | 3 4 6 8 9 |  9.4
Spellcasting   | 4 6 8 9 |  9.1
Shields        | 2 5 |  5.0
Invocations    | 2 5 |  5.8
Armour         | 4 |  4.7
Dodging        | |  1.5

Action                   |  1- 3 |  4- 6 |  7- 9 | 10-12 | 13-15 || total
-------------------------+-------+-------+-------+-------+-------++-------
Melee: Flail             |   112 |   167 |    11 |       |       ||   290
       Whip              |       |       |   257 |   548 |       ||   805
       Eveningstar       |       |       |       |    86 |   208 ||   294
Throw: Tomahawk          |     2 |     1 |     3 |     6 |       ||    12
 Cast: Infusion          |    12 |    21 |     6 |     4 |       ||    43
       Regeneration      |       |     2 |     1 |    19 |     7 ||    29
       Spectral Weapon   |       |       |    10 |    39 |    22 ||    71
       Ozocubu's Armour  |       |       |       |       |     2 ||     2
       Song of Slaying   |       |       |       |       |     2 ||     2
Invok: Ancestor Identity |       |     1 |       |       |       ||     1
       Ancestor Life: Ba |       |       |     1 |       |       ||     1
       Recall Ancestor   |       |       |       |     1 |     2 ||     3
Evoke: Wand              |       |       |       |    20 |       ||    20
       Lightning rod     |       |       |       |     1 |       ||     1
  Use: Scroll            |     2 |     1 |     1 |    12 |     4 ||    20
       Potion            |       |     2 |     2 |     4 |       ||     8
 Stab: Distracted        |       |       |     1 |     9 |     6 ||    16
  Eat: Chunk             |     5 |    13 |    16 |    39 |    18 ||    91
       Ration            |       |       |     1 |     2 |       ||     3
Armor: Leather armour    |    30 |    23 |       |       |       ||    53
       Chain mail        |       |    50 |     9 |       |       ||    59
       Ring mail         |       |       |    98 |   224 |       ||   322
       Fire dragon scale |       |       |       |    38 |   116 ||   154
Dodge: Dodged            |    91 |   105 |   136 |   347 |   153 ||   832
Block: Buckler           |       |       |       |   163 |       ||   163
       Other             |       |       |       |       |     7 ||     7
